Description

Protech basic Protoss Build

Build Order

Get SALT Encoding   

  14  0:18  Pylon  
  16  0:40  Gateway  
  16  0:45  Assimilator  
  17  0:53  Assimilator  
  19  1:25  Cybernetics Core  
  20  1:29  Pylon  
  23  2:02  Stargate  
  23  2:03  Adept  
  25  2:04  Warp Gate  
  25  2:09  Pylon  
  27  2:31  Adept  
  27  2:38  Gateway x2  
  27  2:45  Oracle (Chrono Boost)  Keep making Oracles
  33  3:38  Pylon  
  36  3:50  Nexus  
Spawning Tool Build Advisor. Get it on Overwolf

Go to:

Details

  • Created by: ICBreaker
  • Published on: Oct 17, 2018
  • Modified on: Oct 17, 2018
  • Patch: 4.0.0
Show
View Real Time Build Order
Export as new Build Order

Comments (0)

There are no comments. Be the first!

Create an account to comment!